 Dungeon Crawl Stone Soup version 0.21-a0-434-g806c6c2 (webtiles) character file.

610 mhoghedin the Ducker (level 7, -2/32 HPs)
             Began as a Spriggan Transmuter on Nov 7, 2017.
             Was an Initiate of Gozag.
             Slain by a mummy (15 damage)
             ... in an ossuary on Nov 8, 2017.
             The game lasted 00:24:44 (6997 turns).

mhoghedin the Ducker (Spriggan Transmuter)          Turns: 6997, Time: 00:24:44

Health: -2/32      AC:  2    Str:  6    XL:     7   Next: 20%
Magic:  23/24      EV: 22    Int: 15    God:    Gozag
Gold:   517        SH:  0    Dex: 18    Spells: 5/15 levels left

rFire    . . .     SeeInvis +     - Unarmed
rCold    . . .     Gourm    .   (shield restricted)
rNeg     . . .     Faith    .   b - +0 robe
rPois    .         Spirit   .   (helmet restricted)
rElec    .         Reflect  .   (no cloak)
rCorr    .         Harm     .   (gloves unavailable)
MR       +....                  (boots unavailable)
Stlth    +++.......             (no amulet)
HPRegen  0.10/turn              i - ring of magical power {MP+9}
MPRegen  0.19/turn              (no ring)

@: appendage, very quick
A: unfitting armour, horns 2, see invisible, herbivore 3, speed 3, slow
metabolism 2
a: End Transformation, Potion Petition, Call Merchant, Bribe Branch, Renounce
Religion


You were in an ossuary.
You worshipped Gozag.
Gozag was pleased with you.
You were very hungry.
You had grown temporary horns.
You visited 1 branch of the dungeon, and saw 4 of its levels.
You also visited: Sewer and Ossuary.

You collected 552 gold pieces.
You paid 35 gold pieces to Gozag.

Inventory:

Missiles
 a - 19 arrows
Armour
 b - a +0 robe (worn)
Jewellery
 i - a ring of magical power (left hand) {MP+9}
   (You found it on level 3 of the Dungeon)
Wands
 m - a wand of polymorph (12/24)
   (You found it on level 4 of the Dungeon)
Scrolls
 e - a scroll of remove curse
 g - 4 scrolls of teleportation
 j - a scroll of immolation {unknown}
 n - a scroll of enchant weapon
Potions
 f - 3 potions of flight {unknown}
 h - a potion of brilliance {unknown}
 k - 8 potions of curing
 l - a potion of agility
 p - a potion of cancellation {unknown}
Books
 c - a book of Changes
Comestibles
 d - 3 bread rations {@e1}


   Skills:
 - Level 0.7 Fighting
 + Level 6.0 Dodging
 - Level 5.0 Stealth
 + Level 3.6 Unarmed Combat
 - Level 4.6 Spellcasting
 + Level 5.3 Transmutations
 + Level 0.9 Poison Magic


You had 5 spell levels left.
You knew the following spells:

 Your Spells              Type           Power        Failure   Level  Hunger
a - Beastly Appendage     Tmut           ###...       1%          1    None
b - Ice Form              Ice/Tmut       ##......     50%         4    ####...
c - Spider Form           Tmut/Pois      ##........   14%         3    ###....
s - Sticks to Snakes      Tmut           ###.....     2%          2    ##.....


Dungeon Overview and Level Annotations

Branches:
Dungeon (4/15)
 Temple: D:4-7

Altars:
Elyvilon
Gozag
Okawaru
Ru
Xom

Annotations:
D:4 1 runed door


Innate Abilities, Weirdness & Mutations

You are very small and have problems with some larger weapons.
You are too small for most types of armour.
You have supernaturally acute eyesight. (SInv)
You are a herbivore.
You cover ground extremely quickly.
You need consume almost no food.
You have a pair of horns on your head.


Message History

You now have 464 gold pieces (gained 14).
You start resting.
Health restored: 32 You now have 470 gold pieces (gained 6).
You now have 477 gold pieces (gained 7).
You open the door.
There is an open door here.
You now have 492 gold pieces (gained 15).
You now have 506 gold pieces (gained 14).
There is an open door here. 2 zombies come into view.
There are monsters nearby!
Your feet morph into talons.
You now have 23/24 mp.
The helpless hound zombie fails to defend itself.
You hit the hound zombie. Your kick misses the hound zombie.
The hound zombie misses you.
You hit the hound zombie. The hound zombie completely misses you.
You barely miss the hound zombie. The hound zombie barely misses you.
You closely miss the hound zombie. You claw the hound zombie.
The hound zombie bites you.
You take 3 damage, and have 29/32 hp.
MP restored: 24 You hit the hound zombie.
The hound zombie barely misses you.
You hit the hound zombie. Your kick misses the hound zombie.
The hound zombie completely misses you. The hound zombie bites you.
You take 2 damage, and have 28/32 hp.
You barely miss the hound zombie. The hound zombie barely misses you.
You barely miss the hound zombie. The hound zombie misses you.
You hit the hound zombie. The hound zombie closely misses you.
The human zombie closely misses you.
You barely miss the hound zombie. The hound zombie closely misses you.
The human zombie misses you. The hound zombie misses you.
You hit the hound zombie but do no damage.
Your transformation is almost over.
The hound zombie barely misses you. The human zombie hits you.
You take 1 damage, and have 27/32 hp.
You closely miss the human zombie. The human zombie hits you.
You take 4 damage, and have 23/32 hp.
You hit the human zombie. You claw the human zombie. You hit the human zombie.
Your kick misses the human zombie. The human zombie misses you.
Your talons disappear.
You turn into a venomous arachnid creature.
Your +0 robe melds into your body.
You are feeling very hungry.
The human zombie hits you.
You take 5 damage, and have 19/32 hp.
You now have 21/24 mp.
You hit the human zombie. The human zombie misses you.
You hit the human zombie. You hit the human zombie.
The human zombie misses you.
You hit the human zombie. The human zombie completely misses you.
You hit the human zombie but do no damage.
The human zombie hits you.
You take 3 damage, and have 16/32 hp.
You closely miss the human zombie. You barely miss the human zombie.
The human zombie hits you!
* * * LOW HITPOINT WARNING * * *
You take 7 damage, and have 9/32 hp.
MASSIVE DAMAGE!!
You hit the human zombie but do no damage.
Your transformation is almost over.
The human zombie closely misses you.
Unknown command.
You hit the human zombie but do no damage.
The human zombie misses you.
You hit the human zombie but do no damage.
You hit the human zombie. The human zombie barely misses you.
You feel very mighty all of a sudden. The human zombie misses you.
You hit the human zombie. The human zombie completely misses you.
You hit the human zombie. You hit the human zombie.
The human zombie completely misses you.
You bite the human zombie!
You destroy the human zombie!
The hound zombie closely misses you.
MP restored: 24 You closely miss the hound zombie.
The hound zombie misses you.
You bite the hound zombie!
You destroy the hound zombie!
Your Dodging skill increases to level 6!
Your transformation has ended.
Your +0 robe unmelds from your body.
You now have 517 gold pieces (gained 11).
You start resting.
You feel a little less mighty now.
You regained 3 hp, and now have 14/32 hp.
You start resting.
Health restored: 32 You open the door.
A mummy comes into view.
You grow a pair of large bovine horns.
The mummy hits you!!
Ouch! That really hurt!
You take 19 damage, and have 13/32 hp.
MASSIVE DAMAGE!!
You now have 23/24 mp.
You hit the mummy but do no damage. You barely miss the mummy.
The mummy hits you!
You die...
Your body crumbles into a pile of gold.

###############
#..............
#..............
#....#'#......###
#...##.##....##∩##
#...#...#....#...#...
#...#...# ...#'#.#...
#..##...##..##.#.##..
#..#@....# Z#..#..#..
#..#M#.#'#..#..#..#.∩
#..#.#.#.#..####..#..
#..#$#.#.#..#.....#..
#..###.###..#..##'#.∩
#..#.....#..#..#..#..
#..###+###..##.#.##..
#...# #....#.###...
#...# #....#...#...


You could see a mummy.

Vanquished Creatures
  The ghost of anet the Conjurer, an amateur DEWz (Sewer)
  A big kobold (Sewer)
  A scorpion (D:4)
  3 human zombies (Ossuary)
  A worker ant (D:4)
  A big kobold zombie (Ossuary)
  2 hound zombies (Ossuary)
  3 mummies
  Robin (D:4)
  4 adders
  A river rat (Sewer)
  An ooze (D:1)
  3 adder zombies (Ossuary)
  2 worms (D:2)
  A dart slug (D:1)
  3 leopard geckos
  5 orcs (D:3)
  2 giant cockroaches
  3 gnoll zombies (Ossuary)
  14 goblins
  9 hobgoblins
  8 jackals
  A quokka (D:3)
  3 ball pythons (D:1)
  2 bats
  3 frilled lizards
  4 goblin zombies (Ossuary)
  3 hobgoblin zombies (Ossuary)
  2 jackal zombies (Ossuary)
  15 kobolds
  A kobold zombie (Ossuary)
  3 orc zombies (Ossuary)
  5 quokka zombies (Ossuary)
  12 rats
  3 rat zombies (Ossuary)
127 creatures vanquished.

Vanquished Creatures (collateral kills)
  A jackal (D:1)
1 creature vanquished.

Grand Total: 128 creatures vanquished

Notes
Turn   | Place    | Note
-------+----------+-------------------------------------------
     0 | D:1      | mhoghedin the Spriggan Transmuter began the quest for the Orb.
     0 | D:1      | Reached XP level 1. HP: 9/9 MP: 5/5
   127 | D:1      | Reached skill level 1 in Stealth
   127 | D:1      | Reached skill level 3 in Transmutations
   164 | D:1      | Reached XP level 2. HP: 8/14 MP: 3/6
   323 | D:1      | Reached skill level 3 in Spellcasting
   327 | D:1      | Learned a level 2 spell: Sticks to Snakes
   502 | D:1      | Upgraded the game from 0.21-a0-426-g98080a9 to 0.21-a0-434-g806c6c2
   997 | D:1      | HP: 3/14 [jackal (1)]
  1942 | D:1      | Reached XP level 3. HP: 17/17 MP: 8/8
  2091 | D:1      | Learned a level 3 spell: Spider Form
  2128 | D:2      | Reached skill level 2 in Stealth
  2230 | D:2      | HP: 4/17 [kobold/falchion (5)]
  2406 | D:2      | Reached skill level 4 in Dodging
  2811 | D:2      | Reached XP level 4. HP: 14/21 MP: 6/10
  2905 | D:2      | Found a shimmering altar of Xom.
  2926 | D:2      | Learned a level 4 spell: Ice Form
  3029 | D:2      | Found a sacrificial altar of Ru.
  3260 | D:2      | Became a worshipper of Ru the Awakened
  3529 | D:3      | Reached skill level 3 in Stealth
  3644 | D:3      | Found an opulent altar of Gozag.
  3678 | D:3      | Fell from the grace of Ru
  3704 | D:3      | Became a worshipper of Gozag Ym Sagoz the Greedy
  3813 | D:3      | Found a glowing drain.
  3830 | Sewer    | Entered a sewer
  3845 | Sewer    | HP: 3/21 [river rat (6)]
  4149 | Sewer    | Noticed a big kobold
  4207 | Sewer    | Killed a big kobold
  4207 | Sewer    | Reached skill level 4 in Spellcasting
  4207 | Sewer    | Reached skill level 4 in Transmutations
  4207 | Sewer    | Reached XP level 5. HP: 24/25 MP: 7/12
  4231 | Sewer    | Reached skill level 3 in Unarmed Combat
  4270 | Sewer    | Noticed anet's ghost (amateur DEWz)
  4299 | Sewer    | Killed anet's ghost
  4299 | Sewer    | Reached skill level 5 in Dodging
  4299 | Sewer    | Reached skill level 4 in Stealth
  4299 | Sewer    | Reached XP level 6. HP: 20/29 MP: 8/13
  4331 | Sewer    | Found a white marble altar of Elyvilon.
  4771 | D:4      | Found an iron altar of Okawaru.
  4903 | D:4      | Noticed Robin
  4921 | D:4      | HP: 5/29 [Robin/club (4)]
  4925 | D:4      | Killed Robin
  5276 | D:4      | Found a white marble altar of Elyvilon.
  5285 | D:4      | Found a runed door.
  5285 | D:4      | Noticed a human
  5376 | D:4      | Found a sand-covered staircase.
  5440 | Ossuary  | Entered an ossuary
  5677 | Ossuary  | HP: 7/29 [human zombie (6)]
  5693 | Ossuary  | HP: 7/29 [quokka zombie (1)]
  6026 | Ossuary  | Reached skill level 5 in Stealth
  6026 | Ossuary  | Reached skill level 5 in Transmutations
  6164 | Ossuary  | Reached XP level 7. HP: 17/32 MP: 15/15
  6767 | Ossuary  | Reached skill level 6 in Dodging
  6997 | Ossuary  | Slain by a mummy

Vault maps used:
D:1:      dpeg_arrival_shelter
D:2:      lemuel_crystal_altar, mrwooster_statue_mirror, tgw_xom
D:3:      marbit_many_paths, portal_sewer_entry_e
D:4:      kennysheep_little_box, overflow_temple_1_default,
          gup_ossuary_entry_pyramid, serial_shops, kennysheep_mini, first_bread,
          dk_yredelemnul_ordeal, uniq_robin
Sewer:    sewer_kobolds
Ossuary:  minmay_ossuary_two_tombs

Skill      XL: |  1  2  3  4  5  6  7 |
---------------+----------------------+-----
Stealth        | 1 2 3 4 5 |  5.0
Transmutations | 3 4 5 |  5.3
Spellcasting   | 3 4 |  4.6
Dodging        | 4 5 6 |  6.0
Unarmed Combat | 3 |  3.6
Fighting       | |  0.7
Poison Magic   | |  0.9

Action                   |  1- 3 |  4- 6 |  7- 9 || total
-------------------------+-------+-------+-------++-------
Melee: Unarmed           |    65 |   271 |   107 ||   443
       Headbutt          |     5 |    19 |    15 ||    39
       Kick              |    13 |    19 |     2 ||    34
       Dagger            |   139 |   109 |       ||   248
       Punch             |     1 |     1 |       ||     2
 Cast: Beastly Appendage |    17 |    17 |     4 ||    38
       Sticks to Snakes  |     2 |     3 |       ||     5
       Spider Form       |     5 |    16 |     2 ||    23
Invok: Renounce Religion |       |     1 |       ||     1
  Use: Scroll            |       |     7 |       ||     7
       Potion            |       |     5 |     1 ||     6
 Stab: Sleeping          |     1 |     2 |     1 ||     4
       Distracted        |       |     3 |       ||     3
  Eat: Royal jelly       |       |     3 |       ||     3
       Fruit             |       |     1 |       ||     1
Armor: Robe              |     9 |    18 |     3 ||    30
       Skin              |       |    11 |       ||    11
Dodge: Dodged            |   177 |   292 |    87 ||   556

Table legend:
 A = Spawn XP
 B = Non-spawn XP
 C = Spawn XP percentage of total XP
 D = Spawn monster count
 E = Non-spawn monster count
 F = Spawn count percentage of total count
 G = Total turns spent on level
                    A         B        C        D         E        F      G
               +---------+---------+-------+---------+---------+-------+---------
         Total |       0 |     872 |   0.0 |       0 |     128 |   0.0 |  6997
               +---------+---------+-------+---------+---------+-------+---------
           D:1 |       0 |      41 |   0.0 |       0 |      22 |   0.0 |  2122
           D:2 |       0 |      82 |   0.0 |       0 |      25 |   0.0 |  1219
           D:3 |       0 |      51 |   0.0 |       0 |      19 |   0.0 |  1120
           D:4 |       0 |     159 |   0.0 |       0 |      15 |   0.0 |   433
         Sewer |       0 |     267 |   0.0 |       0 |      12 |   0.0 |   546
       Ossuary |       0 |     272 |   0.0 |       0 |      35 |   0.0 |  1557
               +---------+---------+-------+---------+---------+-------+---------

Vault maps used:
D:1:      dpeg_arrival_shelter
D:2:      lemuel_crystal_altar, mrwooster_statue_mirror, tgw_xom
D:3:      marbit_many_paths, portal_sewer_entry_e
D:4:      kennysheep_little_box, overflow_temple_1_default,
          gup_ossuary_entry_pyramid, serial_shops, kennysheep_mini, first_bread,
          dk_yredelemnul_ordeal, uniq_robin
Sewer:    sewer_kobolds
Ossuary:  minmay_ossuary_two_tombs

Table legend:
 A = Turns spent in this place as a percentage of turns spent in the entire game.
 B = Non-inter-level travel turns spent in this place as a percentage of non-inter-level travel turns spent in the entire game.
 C = Inter-level travel turns spent in this place as a percentage of turns spent in this place.
 D = Turns resting spent in this place as a percentage of non-inter-level travel turns spent in this place.
 E = Turns spent auto-exploring this place as a percentage of non-inter-level travel turns spent in this place.
 F = Non-inter-level travel turns spent in this place divided by the number of levels of this place that you've seen.
                   A       B       C       D       E      F
               +-------+-------+-------+-------+-------+----------------------
         Total | 100.0 | 100.0 |   1.9 |  47.5 |  27.4 | 1144.5
       Dungeon |  69.9 |  69.4 |   2.7 |  41.9 |  34.4 | 1191.0
         Sewer |   7.8 |   8.0 |   0.0 |  48.7 |  20.1 | 546.0
       Ossuary |  22.3 |  22.7 |   0.0 |  64.4 |   8.4 | 1557.0
               +-------+-------+-------+-------+-------+----------------------

Table legend:
 A = Kills in this place as a percentage of kills in entire the game.
 B = Kills by you in this place as a percentage of kills by you in the entire game.
 C = Kills by friends in this place as a percentage of kills by friends in the entire game.
 D = Other kills in this place as a percentage of other kills in the entire game.
 E = Experience gained in this place as a percentage of experience gained in the entire game.
 F = Experience gained in this place divided by the number of levels of this place that you have seen.
                   A       B       C       D       E      F
               +-------+-------+-------+-------+-------+----------------------
         Total | 100.0 | 100.0 | 100.0 |   N/A | 100.0 | 145.3
       Dungeon |  63.3 |  63.0 | 100.0 |   N/A |  38.2 |  83.2
         Sewer |   9.4 |   9.4 |   0.0 |   N/A |  30.6 | 267.0
       Ossuary |  27.3 |  27.6 |   0.0 |   N/A |  31.2 | 272.0
               +-------+-------+-------+-------+-------+----------------------
